 Dungeon Crawl Stone Soup version 0.28-a0-385-g79de503ca0 (webtiles) character file.

Game seed: 5712434519129814137

90823 Marsius the Earth Mage (level 16, -4/104 HPs)
             Began as a Gargoyle Earth Elementalist on Sept 3, 2021.
             Was a High Priest of Sif Muna.
             Slain by a snapping turtle (16 damage)
             ... on level 1 of the Shoals.
             The game lasted 03:44:50 (38603 turns).

Marsius the Earth Mage (GrEE)                      Turns: 38603, Time: 03:44:50

Health: -4/104     AC: 28    Str: 13    XL:     16   Next: 1%
Magic:  10/32      EV: 10    Int: 22    God:    Sif Muna [*****.]
Gold:   1607       SH:  0    Dex: 10    Spells: 17/40 levels left

rFire   + . .      SeeInvis .   U - +5 demon trident
rCold   + . .      Faith    .   X - +0 buckler
rNeg    + + +      Spirit   .   O - +2 robe {rN+}
rPois   ∞          Reflect  .   b - +3 hat of Miocwidgh {rN+}
rElec   +          Harm     .   C - scarf {rC+ rF+}
rCorr   .          Rampage  .   g - +2 pair of gloves
Will    +....                   D - +1 pair of boots {Stlth+}
Stlth   ++........              R - amulet of regeneration
HPRegen 1.27/turn               h - +4 ring of protection
MPRegen 0.23/turn               o - +4 ring of evasion

@: confused, ambrosia-drunk, flying, mesmerised, held, unable to read
A: sickness immunity, AC +12, big wings, negative energy resistance 1,
electricity resistance, torment resistance 1, petrification resistance,
inability to read while threatened
a: Renounce Religion, Channel Magic, Forget Spell, Divine Exegesis


You were on level 1 of the Shoals.
You worshipped Sif Muna.
Sif Muna was extremely pleased with you.
You visited 5 branches of the dungeon, and saw 25 of its levels.

You collected 2398 gold pieces.
You spent 791 gold pieces at shops.

Inventory:

Hand Weapons
 p - the +6 whip of Uruagym {drain, +Blink Int+4}
   (You found it on level 14 of the Dungeon)

   A truly terrible weapon, it drains the life of any living foe it strikes.
   Int:       It affects your intelligence (+4).
   +Blink:    It lets you blink.
 U - a +5 demon trident (weapon)
Missiles
 c - 175 stones
Armour
 a - a +1 robe of willpower
 b - the +3 hat of Miocwidgh (worn) {rN+}
   (You found it on level 1 of the Lair of Beasts)

   rN:        It protects you from negative energy.
 g - a +2 pair of gloves (worn)
 k - a +0 scale mail of fire resistance
 r - a +0 chain mail of cold resistance
 s - a +2 cloak
 C - a scarf of resistance (worn)
 D - a +1 pair of boots of stealth (worn)
 O - a +2 robe of positive energy (worn)
 X - a +0 buckler (worn)
Jewellery
 d - a ring of positive energy
 h - a +4 ring of protection (left hand)
 o - a +4 ring of evasion (right hand)
 t - a +4 ring of slaying
 R - an amulet of regeneration (around neck)
 T - a ring of protection from fire
Wands
 q - a wand of mindburst (16)
 u - a wand of paralysis (19)
 w - a wand of polymorph (22)
 x - a wand of charming (9)
 F - a wand of flame (28)
 L - a wand of acid (6)
 Q - a wand of iceblast (29)
Scrolls
 f - 4 scrolls of teleportation
 i - a scroll of acquirement {unknown}
 j - 3 scrolls of silence
 v - 3 scrolls of enchant weapon {unknown}
 y - 7 scrolls of magic mapping
 A - a scroll of enchant armour {unknown}
 B - 3 scrolls of fear
 E - 3 scrolls of blinking
 P - 3 scrolls of fog
 W - 3 scrolls of amnesia
Potions
 e - 2 potions of haste
 m - 2 potions of might
 n - 3 potions of magic
 G - a potion of resistance {unknown}
 I - 5 potions of curing
 J - a potion of cancellation
 M - 3 potions of brilliance
 V - a potion of mutation
Miscellaneous
 Y - a box of beasts


   Skills:
 + Level 13.3 Fighting
 - Level 9.2(9.5) Polearms
 - Level 3.6(7.3) Staves
 * Level 0.9 Armour
 - Level 1.5 Dodging
 - Level 2.1 Stealth
 - Level 4.0 Shields
 * Level 12.7 Spellcasting
 - Level 12.0 Conjurations
 - Level 0.7 Transmutations
 * Level 16.0 Earth Magic
 - Level 4.4 Invocations


You had 17 spell levels left.
You knew the following spells:

 Your Spells              Type           Power      Damage    Failure   Level
a - Sandblast             Erth           100%       2d20      0%          1
b - Stone Arrow           Conj/Erth      100%       3d13      1%          3
c - Passwall              Tmut/Erth      41%        N/A       1%          2
d - Slow                  Hex            14%        N/A       7%          2
e - Iron Shot             Conj/Erth      33%        9d7       2%          6
f - Lee's Rapid Deconstr  Erth           35%        3d19*     1%          5
g - Leda's Liquefaction   Hex/Erth       24%        N/A       1%          4

Your spell library contained the following spells:

 Spells                   Type           Power      Damage    Failure   Level
 Magic Dart               Conj           100%       1d8       1%          1
 Searing Ray              Conj           100%       3d7       1%          2
 Animate Armour           Summ/Erth      98%        N/A       1%          4
 Petrify                  Tmut/Erth      50%        N/A       1%          4
 Iskenderun's Battlesphe  Conj           61%        2d11      1%          5
 Fulminant Prism          Conj/Hex       20%        3d13      3%          4
 Apportation              Tloc           28%        N/A       4%          1
 Borgnjor's Vile Clutch   Necr/Erth      24%        N/A       4%          5
 Confusing Touch          Hex            14%        N/A       14%         3
 Vampiric Draining        Necr           7%         2d7       14%         3
 Blade Hands              Tmut           8%         N/A       67%         5
 Alistair's Intoxication  Tmut/Pois      10%        N/A       73%         5
 Metabolic Englaciation   Hex/Ice        7%         N/A       77%         5
 Summon Forest            Summ/Tloc      7%         N/A       77%         5
 Summon Mana Viper        Hex/Summ       14%        N/A       77%         5
 Spellforged Servitor     Conj/Summ      20%        N/A       97%         7
 Invisibility             Hex            7%         N/A       100%        6
 Summon Cactus Giant      Summ           7%         N/A       100%        6


Dungeon Overview and Level Annotations

Branches:
Dungeon (15/15)            Temple (1/1) D:5            Lair (6/6) D:10
 Shoals (1/4) Lair:2        Snake (0/4) Lair:2        Slime (0/5) Lair:5
    Orc (2/2) D:12            Elf (0/3) Orc:2        Vaults (0/5) D:14
 Depths: D:15

Altars:
Cheibriados
Elyvilon
Fedhas
Hepliaklqana
Kikubaaqudgha
Makhleb
Nemelex Xobeh
Qazlal
Ru
Sif Muna
Uskayaw
Wu Jian
Xom
Yredelemnul
Zin
Beogh
Jiyva

Shops:
D:1 *   D:4 :   D:5 (   D:14 *(   Orc:2 ?!:(

Annotations:
Lair:1 6 runed translucent doors


Innate Abilities, Weirdness & Mutations

You are immune to sickness and miasma.
Your stone body is resilient. (AC +12)
You are immune to poison.
Your large and strong wings let you fly.
You resist negative energy. (rN+)
You are resistant to electric shocks. (rElec)
You are resistant to unholy torment.
You are immune to petrification.
You sometimes lose the ability to read scrolls when taking damage.


Message History

You resist with almost no effort.
The merfolk hits you from afar with a +0 trident.
The wind drake bites you!
* * * LOW HITPOINT WARNING * * *
The wind drake flaps its wings at you. The air twists around and strikes you.
The merfolk hits you from afar with a +0 trident.
* * * LOW HITPOINT WARNING * * *
The sea snake misses you.
There is a staircase back to the Lair here.
The steam dragon breathes steam at you. The ball of steam hits you. You resist.
* * * LOW HITPOINT WARNING * * *
You block the snapping turtle's attack.
The merfolk throws a throwing net.
The throwing net hits you.
You become entangled in the net!
You stop ascending the stairs.
The sea snake bites you but does no damage.
You tear a large gash into the net.
The wind drake is engulfed in a cloud of scalding steam.
The wind drake flaps its wings at you. The air twists around and strikes you!
* * * LOW HITPOINT WARNING * * *
A merfolk comes into view. It is wielding a +0 trident.
The snapping turtle is engulfed in a cloud of scalding steam.
The snapping turtle bites you from afar.
* * * LOW HITPOINT WARNING * * *
The sea snake is engulfed in a cloud of scalding steam.
The sea snake bites you but does no damage.
The merfolk hits you but does no damage.
You cannot read scrolls in your current state!
Okay, then.
You are confused.
You feel invigorated.
The wind drake is engulfed in a cloud of scalding steam.
The wind drake exhales a fierce blast of wind!
The sea snake is blown away by the wind.
The merfolk siren chants a haunting song.
You are mesmerised by the merfolk siren!
The snapping turtle bites you from afar!
You die...

#≈≈..≈≈≈≈≈≈≈≈≈≈≈≈≈≈
.##.≈...≈≈≈≈≈≈≈≈≈≈≈≈.
...≈≈≈≈≈≈≈≈≈≈≈≈≈≈≈m≈.
≈≈≈≈≈≈≈≈≈≈≈≈≈≈≈≈≈≈≈≈.
≈≈≈≈≈≈≈≈≈≈§§§≈≈≈≈≈≈≈.
≈≈≈≈≈≈≈≈≈≈≈D≈≈..m...$
..≈≈.....≈≈§≈km≈.....
...≈......≈§D≈§####.
......##..≈.t.@#
...... ##(...§.#
.....# #..§≈S........
##### #..≈≈≈≈.).#?..
#...≈≈≈≈≈....
#...≈≈≈≈≈.....k
......≈≈≈≈≈...≈≈
.....≈..#.≈≈.≈..
≈≈≈≈≈≈# .≈≈≈≈.#


You could see a sea snake, a snapping turtle, a wind drake (repels missiles,
catching breath), 2 merfolk, a merfolk siren (mesmerising) and 2 steam dragons.

Vanquished Creatures
  Kirke (D:13)
  8 vault guards (D:14)
  7 hydras
  A catoblepas (Lair:6)
  A boulder beetle (D:12)
  An ogre mage (D:14)
  A merfolk avatar (Shoals:1)
  A death knight (D:11)
  3 centaur warriors
  4 two-headed ogres
  5 death yaks
  A tengu warrior (D:14)
  Urug (D:10)
  5 orc high priests
  Sonja (Lair:2)
  Nergalle (Lair:3)
  2 lindwurms (Lair:6)
  7 orc knights
  A wizard (D:14)
  6 orc sorcerers
  2 wolf spiders
  An ugly thing (D:12)
  2 manticores
  4 cyclopes
  12 elephants
  Maurice (D:13)
  7 black mambas
  11 cane toads
  2 gargoyles (D:12)
  Maggie (D:9)
  An unseen horror (D:12)
  12 komodo dragons
  Psyche (D:9)
  5 rime drakes
  A queen bee (shapeshifter) (D:14)
  2 jumping spiders (Lair:1)
  9 trolls
  6 polar bears
  5 hornets (Lair:6)
  Prince Ribbit (D:5)
  6 dream sheep
  3 slime creatures (D:13)
  21 blink frogs
  2 redbacks (Lair:1)
  2 shadows
  13 spriggans (Lair:6)
  51 yaks
  3 wyverns
  2 hogs (D:13)
  3 basilisks
  A steam dragon (D:8)
  Menkaure (D:7)
  4 wargs
  3 nagas (Lair:2)
  3 acid dragons
  20 water moccasins
  29 orc warriors
  2 ice beasts (D:8)
  A hornet zombie (D:8)
  2 necrophages
  7 black bears
  28 wolves
  12 ogres
  2 boggarts (Lair:6)
  16 centaurs
  A phantom (D:5)
  A kobold brigand (D:10)
  A wyvern zombie (D:5)
  12 bullfrogs
  5 scorpions
  A wyvern skeleton (D:7)
  A water moccasin skeleton (D:5)
  An electric eel (Lair:4)
  A howler monkey (D:9)
  A lava snake (D:14)
  6 crimson imps (D:11)
  5 centaur zombies
  16 orc priests
  2 bullfrog skeletons (D:6)
  Jessica (D:3)
  4 iguanas
  36 orc wizards
  4 hell rats (Lair:6)
  A hound skeleton (D:5)
  A howler monkey zombie (D:9)
  4 gnolls (D:6)
  A howler monkey skeleton (D:5)
  6 adders
  A shadow imp (D:7)
  5 white imps
  An ufetubus (D:6)
  An adder zombie (D:5)
  2 adder skeletons
  70 orcs
  8 ball pythons
  4 endoplasms
  2 giant cockroaches
  7 hobgoblins
  3 quokkas
  3 bats
  2 frilled lizards
  9 goblins
  16 kobolds
  A quokka zombie (D:3)
  7 rats
635 creatures vanquished.

Vanquished Creatures (others)
  A human (D:13)
  57 fungi
  58 plants
116 creatures vanquished.

Grand Total: 751 creatures vanquished

Notes
Turn   | Place    | Note
-------+----------+-------------------------------------------
     0 | D:1      | Marsius the Gargoyle Earth Elementalist began the quest for
                  | the Orb.
     0 | D:1      | Reached XP level 1. HP: 10/10 MP: 3/3
   218 | D:1      | Found Mupril's Assorted Antiques.
   439 | D:1      | Reached XP level 2. HP: 15/15 MP: 3/5
   451 | D:1      | Reached skill level 4 in Earth Magic
   709 | D:1      | Found a faded altar of an unknown god.
  1468 | D:2      | Found a sacrificial altar of Ru.
  1583 | D:2      | Reached XP level 3. HP: 19/19 MP: 4/6
  1777 | D:2      | Learned a level 3 spell: Stone Arrow
  1780 | D:2      | Learned a level 2 spell: Passwall
  2138 | D:3      | Noticed an ogre
  2145 | D:3      | Killed an ogre
  2146 | D:3      | Reached skill level 1 in Conjurations
  2146 | D:3      | Reached skill level 5 in Earth Magic
  2146 | D:3      | Reached XP level 4. HP: 24/24 MP: 5/9
  2146 | D:3      | Reached XP level 5. HP: 28/28 MP: 5/10
  2371 | D:3      | Noticed Jessica
  2372 | D:3      | Killed Jessica
  2480 | D:3      | Noticed an ogre
  2485 | D:3      | Killed an ogre
  2486 | D:3      | Reached XP level 6. HP: 32/32 MP: 5/11
  2628 | D:3      | Found a large runed translucent door.
  2628 | D:3      | Found a large runed translucent door.
  2649 | D:3      | Found an ancient bone altar of Kikubaaqudgha.
  2664 | D:3      | Found a shimmering altar of Xom.
  2893 | D:4      | Noticed a black bear
  2899 | D:4      | Killed a black bear
  2900 | D:4      | Reached skill level 6 in Earth Magic
  3286 | D:4      | Found Ynneoraq's Book Shoppe.
  3310 | D:4      | Found a blossoming altar of Fedhas.
  3687 | D:5      | Entered Level 5 of the Dungeon
  3693 | D:5      | Reached XP level 7. HP: 36/36 MP: 9/13
  3955 | D:5      | Found a stormy altar of Qazlal.
  3955 | D:5      | Found a hazy altar of Hepliaklqana.
  3990 | D:5      | Noticed Prince Ribbit
  4029 | D:5      | Killed Prince Ribbit
  4030 | D:5      | Reached skill level 7 in Earth Magic
  4202 | D:5      | Found a basalt altar of Yredelemnul.
  4216 | D:5      | Reached skill level 5 in Spellcasting
  4330 | D:5      | Reached XP level 8. HP: 32/41 MP: 12/15
  4420 | D:5      | Reached skill level 5 in Conjurations
  4515 | D:5      | Reached skill level 1 in Fighting
  4898 | D:5      | Found Siosir's Antique Weapon Shoppe.
  4961 | D:5      | Found a staircase to the Ecumenical Temple.
  4970 | D:5      | Reached skill level 8 in Earth Magic
  5464 | D:5      | Reached XP level 9. HP: 51/51 MP: 4/18
  5570 | D:5      | You fall into a shaft and drop 2 floors!
  5672 | D:7      | Noticed a troll
  5839 | D:7      | Found a glowing silver altar of Zin.
  5916 | D:7      | Killed a troll
  6053 | D:7      | Noticed Menkaure
  6059 | D:7      | Killed Menkaure
  6208 | D:7      | Reached skill level 9 in Earth Magic
  7106 | D:6      | Reached skill level 5 in Fighting
  7894 | D:8      | Reached XP level 10. HP: 51/59 MP: 11/20
  8192 | D:8      | Identified the +8 rapier of Oroecs {pain, Str+5}
  8241 | D:8      | Reached skill level 10 in Earth Magic
  9698 | D:9      | Noticed a two-headed ogre
  9726 | D:9      | Noticed Psyche
  9729 | D:9      | Killed Psyche
  9801 | D:9      | Killed a two-headed ogre
  9802 | D:9      | Reached skill level 1 in Staves
  9935 | D:9      | Noticed Maggie
  9939 | D:9      | Killed Maggie
 10021 | D:9      | Reached XP level 11. HP: 67/67 MP: 16/23
 10039 | D:9      | Found a burning altar of Makhleb.
 10527 | D:10     | Entered Level 10 of the Dungeon
 10716 | D:10     | Reached skill level 11 in Earth Magic
 11330 | D:10     | Found a staircase to the Lair.
 11441 | D:10     | Noticed Urug
 11441 | D:10     | Noticed a two-headed ogre
 11504 | D:10     | Killed a two-headed ogre
 11576 | D:10     | Killed Urug
 11770 | Lair:1   | Entered Level 1 of the Lair of Beasts
 12092 | Temple   | Entered the Ecumenical Temple
 12186 | Temple   | Became a worshipper of Sif Muna the Loreminder
 12859 | Lair:1   | Reached skill level 1 in Polearms
 13209 | Lair:1   | Found a runed translucent door.
 13209 | Lair:1   | Found the +8 whip "Snakebite" {venom, curare, rPois}
 13219 | Lair:1   | Noticed a wolf spider
 13456 | Lair:1   | Identified the +3 hat of Miocwidgh {rN+}
 13466 | Lair:1   | Found a runed translucent gate.
 13466 | Lair:1   | Found a runed translucent gate.
 13466 | Lair:1   | Found a runed translucent gate.
 13466 | Lair:1   | Found a runed translucent gate.
 13466 | Lair:1   | Found a runed translucent gate.
 13466 | Lair:1   | Found a runed translucent gate.
 13466 | Lair:1   | Noticed a boulder beetle
 13466 | Lair:1   | Noticed a boulder beetle
 13466 | Lair:1   | Noticed a lindwurm
 13646 | Lair:2   | Found a staircase to the Snake Pit.
 13653 | Lair:2   | Noticed Sonja
 13807 | Lair:2   | Learned a level 2 spell: Slow
 13911 | Lair:2   | Found a staircase to the Shoals.
 14555 | Lair:2   | Reached skill level 12 in Earth Magic
 14567 | Lair:1   | Reached XP level 12. HP: 71/75 MP: 20/25
 14732 | Lair:2   | Killed Sonja
 15502 | Lair:3   | Noticed a seven-headed hydra
 15517 | Lair:3   | Killed a seven-headed hydra
 15672 | Lair:3   | Noticed Nergalle
 15677 | Lair:3   | Killed Nergalle
 15862 | Lair:3   | Noticed a five-headed hydra
 15869 | Lair:3   | Killed a five-headed hydra
 16555 | Lair:3   | Noticed a four-headed hydra
 16560 | Lair:3   | Killed a four-headed hydra
 16578 | Lair:3   | Reached * piety under Sif Muna
 16579 | Lair:3   | Reached skill level 10 in Fighting
 16579 | Lair:3   | Reached skill level 10 in Spellcasting
 16609 | Lair:3   | Reached skill level 5 in Polearms
 17405 | Lair:4   | Reached skill level 13 in Earth Magic
 17837 | Lair:3   | Reached XP level 13. HP: 58/83 MP: 12/27
 18130 | Lair:4   | You fall into a shaft and drop 2 floors!
 18130 | Lair:6   | Entered Level 6 of the Lair of Beasts
 18658 | Lair:6   | Reached ** piety under Sif Muna
 19688 | Lair:5   | Reached skill level 14 in Earth Magic
 20003 | Lair:4   | Reached *** piety under Sif Muna
 21626 | D:4      | Bought a book of Power for 462 gold pieces
 21633 | D:4      | Learned a level 6 spell: Iron Shot
 22369 | Lair:5   | Found a viscous altar of Jiyva.
 22370 | Lair:5   | Found a staircase to the Slime Pits.
 22410 | Lair:5   | Gained mutation: Your large and strong wings let you fly.
                  | [Gargoyle growth]
 22410 | Lair:5   | Reached XP level 14. HP: 83/91 MP: 16/29
 22664 | Lair:5   | Reached skill level 10 in Conjurations
 22664 | Lair:5   | Reached skill level 1 in Invocations
 24170 | Lair:6   | Reached **** piety under Sif Muna
 26252 | Lair:6   | Reached ***** piety under Sif Muna
 27066 | D:11     | Reached skill level 1 in Shields
 27666 | D:12     | Found a staircase to the Orcish Mines.
 28219 | Orc:1    | Entered Level 1 of the Orcish Mines
 28741 | D:12     | Received a gift from Sif Muna
 28978 | Orc:1    | Paralysed by an orc sorcerer for 3 turns
 29049 | D:12     | Paralysed by an orc sorcerer for 2 turns
 29059 | D:12     | Reached XP level 15. HP: 64/97 MP: 1/30
 29573 | Orc:2    | Entered Level 2 of the Orcish Mines
 29878 | Orc:2    | Found a staircase to the Elven Halls.
 30326 | Orc:2    | Reached skill level 15 in Earth Magic
 31694 | Orc:2    | Found Halidep's Antique Weapon Shoppe.
 32190 | Orc:2    | Received a gift from Sif Muna
 32324 | Orc:2    | Got Sif Muna's Tome of Evil Clay {god gift}
 32331 | Orc:2    | Learned a level 5 spell: Lee's Rapid Deconstruction
 32542 | Orc:2    | Gained mutation: You sometimes lose the ability to read
                  | scrolls when taking damage. [a neqoxec]
 32678 | Orc:2    | Found Qiqeidik's Book Shop.
 32754 | Orc:2    | Found Guuxusk's Magic Scroll Shoppe.
 32754 | Orc:2    | Found Pour's Distillery.
 32815 | Orc:2    | Bought a scroll of teleportation for 42 gold pieces
 32815 | Orc:2    | Bought a scroll of identify for 28 gold pieces
 32815 | Orc:2    | Bought a scroll of teleportation for 42 gold pieces
 34663 | D:12     | Found an ornate altar of the Wu Jian Council.
 35128 | D:13     | Noticed Maurice
 35142 | D:13     | Killed Maurice
 35440 | D:13     | Noticed Kirke
 35460 | D:13     | Noticed a sphinx
 35461 | D:13     | Killed Kirke
 36219 | D:14     | Found Buqauhaf's Antique Weapon Emporium.
 36706 | D:14     | Received a gift from Sif Muna
 36895 | D:14     | Got Voaz's Tome of the Rocks and Beguiling {god gift}
 36901 | D:14     | Learned a level 4 spell: Leda's Liquefaction
 36902 | D:14     | Noticed a frost giant
 37139 | D:14     | Found Jepn's Assorted Antiques.
 37147 | D:14     | Bought a pair of glowing boots for 217 gold pieces
 37166 | D:14     | Identified the +6 whip of Uruagym {drain, +Blink Int+4}
 37454 | D:14     | Found a gate to the Vaults.
 37858 | D:14     | Noticed a tengu reaver
 37983 | D:15     | Entered Level 15 of the Dungeon
 38537 | Shoals:1 | Entered Level 1 of the Shoals
 38586 | Shoals:1 | Reached skill level 16 in Earth Magic
 38591 | Shoals:1 | Reached XP level 16. HP: 57/104 MP: 4/32
 38602 | Shoals:1 | HP: 5/104 [snapping turtle (1)]
 38603 | Shoals:1 | Slain by a snapping turtle

Illustrated notes

Levels and vault maps discovered:
D:1:      minmay_arrival_shattered_statue, layout_basic, serial_shops,
          shop_statue, hellmonk_ecumenical_altar_inner_sanctum
D:2:      layout_loops_cross, basic_altar, guppyfry_early_lair_pool
D:3:      layout_rooms, jmf_multi_god_temple2,
          hangedman_abyss_or_decor_lesser_grid, uniq_jessica
D:4:      layout_loops_ring, mainiacjoe_overflow_concentric_impassable,
          serial_shops, nicolae_shop_temple_entry_statues_fountains
D:5:      minmay_chambers_of_threes, layout_loops_cross,
          mainiacjoe_overflow_boulevard, gammafunk_temple_overflow_wave,
          minmay_temple_entry_glassed_door, serial_shops, shop,
          uniq_prince_ribbit1
D:6:      layout_rooms
D:7:      layout_gridville, mainiacjoe_overflow_catwalk, uniq_menkaure
D:8:      layout_basic, minmay_parallelograms, minmay_circle_x
D:9:      layout_gridville, lightli_temple_of_fire, chequers_jeans, uniq_psyche,
          uniq_maggie
D:10:     layout_roguey, david_lair_shrubbed, chequers_serial_rivers_small_a,
          uniq_urug
D:11:     layout_roguey, serial_park_tiny_pond, minmay_nine_imps
D:12:     layout_grid_maze, david_orc_3, pdpol_wu_jian_five_deadly_venoms
D:13:     layout_roguey, kennysheep_potato, uniq_maurice, uniq_kirke
D:14:     minmay_shrinking_squares, layout_basic, erik_vaults_2, hex_tiny,
          serial_shops, shop_fountains, nicolae_inconvenience_store
D:15:     gammafunk_enter_depths_forms, layout_long_grid,
          chequers_serial_rivers_large_b, chequers_serial_rivers_room_a
Temple:   dpeg_chambers_temple
Lair:1:   gammafunk_indiana_jones, layout_cave_pods, grunt_megastairs_3
Lair:2:   layout_layer_cave, elwin_shoals_entry_rocks,
          minmay_snake_entry_guardpost_small, serial_bayou_shore_b,
          serial_bayou_shore_b, uniq_sonja
Lair:3:   layout_concentric_octagons, uniq_nergalle
Lair:4:   layout_gridlike
Lair:5:   layout_hall_layers, slime_altar_1, serial_bayou_shore_b
Lair:6:   minmay_lair_end_enchanted_forest, layout_long_grid, st_stairs_8,
          grunt_megastairs_1
Shoals:1: layout_shoals, nicolae_shoals_drake_roost
Orc:1:    layout_diamond_mine
Orc:2:    st_orc_elflike, layout_diamond_mine, mines1_david

Skill      XL: |  1  2  3  4  5  6  7  8  9 10 11 12 13 14 15 |
---------------+----------------------------------------------+-----
Earth Magic    | 4 5 6 7 8 9 10 12 13 14 16 | 16.0
Spellcasting   | 3 4 5 6 7 8 9 10 11 12 | 12.7
Conjurations   | 1 2 3 4 6 7 9 11 12 | 12.0
Fighting       | 3 5 7 8 10 11 12 13 | 13.3
Staves         | 2 3 |  3.6
Polearms       | 3 5 7 8 9 |  9.2
Invocations    | 4 |  4.4
Shields        | 1 4 |  4.0
Armour         | |  0.9
Dodging        | |  1.5
Stealth        | |  2.1
Transmutations | |  0.7

Action                   |  1- 3 |  4- 6 |  7- 9 | 10-12 | 13-15 | 16-18 || total
-------------------------+-------+-------+-------+-------+-------+-------++-------
Melee: Club              |    10 |       |       |       |       |       ||    10
       Dagger            |     3 |       |       |       |       |       ||     3
       Long sword        |       |     2 |    24 |    17 |       |       ||    43
       Demon trident     |       |       |       |    46 |   333 |       ||   379
       Staff             |       |       |       |    19 |       |       ||    19
 Cast: Sandblast         |    52 |    36 |    42 |    29 |   260 |       ||   419
       Stone Arrow       |       |     4 |   105 |   266 |   445 |       ||   820
       Iron Shot         |       |       |       |       |    95 |       ||    95
       Lee's Rapid Decon |       |       |       |       |    14 |       ||    14
       Leda's Liquefacti |       |       |       |       |     1 |       ||     1
  Use: Scroll            |       |       |       |    13 |    16 |       ||    29
       Potion            |       |       |       |     1 |     4 |     1 ||     6
Armor: Robe              |    14 |     3 |    21 |    86 |   543 |     5 ||   672
       Leather armour    |       |       |     3 |    31 |       |       ||    34
Dodge: Dodged            |    20 |       |    23 |   154 |   600 |     9 ||   806
Block: Buckler           |       |       |       |       |    83 |     2 ||    85

Table legend: (Time is in decaauts)
 A = Elapsed time spent in this place.
 B = Non-inter-level travel time spent in this place.
 C = Inter-level travel time spent in this place.
 D = Time resting spent in this place.
 E = Time spent auto-exploring this place.
 F = Levels seen in this place.
 G = Mean time per level.
                   A        B        C        D        E       F      G
               +--------+--------+--------+--------+--------+-----+--------+
         Total |  38692 |  35373 |   3319 |  12263 |  13370 |  25 | 1547.7 |
       Dungeon |  19557 |  17828 |   1729 |   4008 |   9307 |  15 | 1303.8 |
        Temple |    119 |    104 |     15 |      0 |      0 |   1 |  119.0 |
          Lair |  14430 |  13036 |   1394 |   5706 |   3858 |   6 | 2405.0 |
        Shoals |     28 |     28 |      0 |      0 |      0 |   1 |   28.0 |
  Orcish Mines |   4555 |   4375 |    180 |   2549 |    205 |   2 | 2277.5 |
               +--------+--------+--------+--------+--------+-----+--------+

Top non-repeatable levels by time:
  Lair:6: 3873 daAuts
   Orc:2: 3507 daAuts
  Lair:5: 2672 daAuts
    D:12: 2327 daAuts
  Lair:3: 2099 daAuts
  Lair:1: 2039 daAuts
     D:5: 1972 daAuts
    D:14: 1958 daAuts
  Lair:2: 1906 daAuts
  Lair:4: 1839 daAuts
     D:8: 1738 daAuts
    D:11: 1468 daAuts
     D:1: 1403 daAuts
    D:10: 1400 daAuts
     D:9: 1297 daAuts
